 Dungeon Crawl Stone Soup version 0.31-a0-833-gc15d34cb79 (webtiles) character file.

Game seed: 10002726308299499137

23363 D12ThenQuit the Spry (level 12, 65/65 HPs)
             Began as a Spriggan Venom Mage on Sept 25, 2023.
             Was a High Priest of Vehumet.
             Got out of the dungeon alive.
             The game lasted 00:47:18 (15599 turns).

D12ThenQuit the Spry (Spriggan Venom Mage)         Turns: 15599, Time: 00:47:18

Health: 65/65      AC:  4    Str:  4    XL:     12   Next: 71%
Magic:  34/34      EV: 24    Int: 29    God:    Vehumet [*****.]
Gold:   989        SH:  0    Dex: 15    Spells: 9/27 levels left

rFire   . . .        b - +2 orcbow (drain)
rCold   . . .        (shield currently unavailable)
rNeg    . . .        J - +0 troll leather armour
rPois   +            o - +1 hat
rElec   .            (no cloak)
rCorr   .            (gloves unavailable)
SInv    +            (boots unavailable)
Will    +++..        (no amulet)
Stlth   ++           m - ring of magical power
HPRegen 1.10/turn    d - ring "Dagoneih" {Contam Drain rPois Will+ Int+7}
MPRegen 0.24/turn

%: no passive effects
@: very quick
A: very small, no large weapons, unfitting armour, see invisible, speed 3
a: Renounce Religion


You escaped.
You worshipped Vehumet.
Vehumet was extremely pleased with you.
You visited 2 branches of the dungeon, and saw 13 of its levels.
You also visited: Gauntlet.

You collected 989 gold pieces.

Inventory:

Hand Weapons
 b - a +2 orcbow of draining (weapon)
 j - a +0 trident
 t - a +0 sling
 w - a +0 whip of electrocution
 K - the +4 hand axe "Nevud" {elec, rF+}
   (You found it on level 10 of the Dungeon)

   rF+:       It protects you from fire.
Missiles
 p - 2 throwing nets
 D - 5 curare-tipped darts
Armour
 a - a +0 robe
 o - a +1 hat (worn)
 J - a +0 troll leather armour (worn)
Jewellery
 c - a +4 ring of slaying
 d - the ring "Dagoneih" (right hand) {Contam Drain rPois Will+ Int+7}
   (You found it in a Gauntlet)

   [ring of willpower]

   Int+7:     It affects your intelligence (+7).
   rPois:     It protects you from poison Will+: It increases your willpower.
   Contam:    It causes magical contamination when unequipped.
   Drain:     It drains your maximum health when unequipped.
 m - a ring of magical power (left hand)
 v - a +6 ring of intelligence
 N - a +6 ring of strength
 O - a ring of resist corrosion
 R - a ring of protection from cold
Talismans
 g - a blade talisman
Wands
 z - a wand of acid (6)
 A - a wand of flame (38)
 C - a wand of roots (22)
 L - a wand of charming (4)
 Q - a wand of digging (3)
Scrolls
 i - 2 scrolls of poison
 k - 3 scrolls of blinking
 n - 6 scrolls of fear
 q - 2 scrolls of enchant armour
 s - 3 scrolls of noise
 u - 5 scrolls of teleportation
 y - 4 scrolls of vulnerability
 E - 6 scrolls of identify
 G - 4 scrolls of immolation
 P - a scroll of brand weapon
Potions
 e - 4 potions of curing
 f - a potion of heal wounds
 h - 3 potions of might
 l - 2 potions of mutation
 r - a potion of resistance
 x - 2 potions of brilliance
 B - 2 potions of attraction
 F - 3 potions of magic
 H - a potion of enlightenment
 I - a potion of lignification
 M - a potion of berserk rage


   Skills:
 + Level 8.2 Fighting
 - Level 15.5 Dodging
 - Level 3.0 Stealth
 + Level 8.4 Spellcasting
 - Level 5.6 Conjurations
 - Level 10.7 Translocations
 - Level 1.3 Transmutations
 - Level 2.0 Air Magic
 - Level 9.0 Poison Magic


You had 9 spell levels left.
You knew the following spells:

 Your Spells              Type           Power      Damage    Failure   Level
a - Sting                 Tmut/Pois      100%       1d8       1%          1
b - Iskenderun's Mystic   Conj/Tloc      56%        2d12      1%          4
c - Olgreb's Toxic Radia  Pois           59%        N/A       1%          4
d - Mephitic Cloud        Conj/Pois/Air  44%        N/A       1%          3
e - Poisonous Vapours     Pois/Air       88%        N/A       1%          2
f - Blink                 Tloc           100%       N/A       1%          2
g - Momentum Strike       Conj/Tloc      100%       3d10      1%          2

Your spell library contained the following spells:

 Spells                   Type           Power      Damage    Failure   Level
 Volatile Blastmotes      Fire/Tloc      86%        2d17      1%          3
 Lesser Beckoning         Tloc           100%       N/A       1%          2
 Manifold Assault         Tloc           65%        N/A       1%          4
 Dispersal                Tloc           32%        N/A       16%         6
 Malign Gateway           Summ/Tloc      21%        N/A       100%        7
 Disjunction              Tloc           32%        N/A       100%        8
 Summon Horrible Things   Summ           6%         N/A       100%        8


Dungeon Overview and Level Annotations

Branches:
Dungeon (12/15)            Temple (1/1) D:5            Lair (0/5) D:11
    Orc (0/2) D:9         Gauntlet (visited)

Altars:
Ashenzari
Cheibriados
Dithmenos
Elyvilon
Fedhas
Gozag
Hepliaklqana
Kikubaaqudgha
Nemelex Xobeh
Okawaru
Qazlal
Ru
Sif Muna
Trog
Uskayaw
Vehumet
Wu Jian
Xom
Yredelemnul
Zin
The Shining One

Shops:
D:11 *

Annotations:
D:6 exclusion: wight


Innate Abilities, Weirdness & Mutations

You are very small and have problems with some larger weapons.
You are too small for most types of armour.
You have supernaturally acute eyesight. (SInv)
You cover ground extremely quickly. (Speed+++)


Message History

You climb upwards.
There is a stone staircase leading down here.
There is an open door here.
You see here a +0 mace.
There is a stone staircase leading up here.
You climb upwards.
There is a stone staircase leading down here.
There is an open door here.
There is a stone staircase leading up here.
You climb upwards.
There is a stone staircase leading down here.
There is a stone staircase leading up here.
You climb upwards.
Level annotation: exclusion: wight
There is a stone staircase leading down here.
There is a stone staircase leading up here.
You climb upwards.
There is a stone staircase leading down here.
You see here a +0 mace.
You see here a +0 dagger.
Things that are here:
a +0 robe; a +0 dagger
There is a stone staircase leading up here.
You climb upwards.
There is a stone staircase leading down here.
There is a stone staircase leading up here.
You climb upwards.
There is a stone staircase leading down here.
There is a stone staircase leading up here.
You climb upwards.
There is a stone staircase leading down here.
There is a stone staircase leading up here.
You climb upwards.
There is a stone staircase leading down here.
There is an open door here.
There is a stone staircase leading down here.
You enter the shallow water.
Moving in this stuff is going to be slow.
There is a staircase leading out of the dungeon here.
You have escaped!

#>## #.# #########
#.###.#.#.#.##
#.#..#.#.#.#.# ####
#...#.#.#.#.## ...#
#.#..#.#.#.#.# ...#
##.#.#.~≈≈≈≈.##
...####.....#~...≈#.#
...'.......#.~..@≈.##
..†####.##..#~...≈#.#
...# #.##.#.~≈≈≈≈.##
...# #.##.^#.#.#.#.#
...# #....#.#.#.#.##
...# #..##.#.#.#.#.#
#######..###.#.#.#.##
#...............#
#.###.###########


There were no monsters in sight!

Vanquished Creatures
  A minotaur (Gauntlet)
  A hydra (D:11)
  3 boulder beetles
  2 two-headed ogres
  6 death yaks (Gauntlet)
  A necromancer (Gauntlet)
  A cyclops (D:11)
  3 manticores
  A gargoyle (D:10)
  4 unseen horrors
  A komodo dragon (D:8)
  5 trolls
  3 wraiths
  2 shadows
  3 water elementals
  23 yaks
  2 vampires
  3 vampire mosquitoes (D:11)
  3 steam dragons
  Edmund (D:6)
  An ice beast (D:7)
  2 floating eyes (D:10)
  2 sky beasts (D:7)
  A black bear (D:6)
  5 orc warriors
  5 ogres (D:9)
  2 wolves (D:11)
  2 centaurs (D:8)
  2 kobold brigands (D:9)
  3 bullfrogs
  6 gnoll sergeants
  7 scorpions
  8 wights
  22 killer bees
  3 electric eels
  A howler monkey (D:12)
  2 jellies (D:6)
  10 orc priests
  7 hounds
  7 orc wizards
  12 gnolls
  12 adders
  2 worms (D:2)
  5 dart slugs
  51 orcs
  4 ball pythons
  6 bats
  2 endoplasms (D:1)
  5 giant cockroaches
  12 goblins
  14 hobgoblins
  7 jackals
  5 quokkas
  4 frilled lizards (D:1)
  13 kobolds
  5 rats
326 creatures vanquished.

Notes
Turn   | Place    | Note
-------+----------+-------------------------------------------
     0 | D:1      | D12ThenQuit the Spriggan Venom Mage began the quest for the
                  | Orb.
     0 | D:1      | Reached XP level 1. HP: 9/9 MP: 5/5
   233 | D:1      | Reached XP level 2. HP: 13/13 MP: 4/7
   244 | D:1      | Learned a level 2 spell: Poisonous Vapours
   611 | D:1      | You fall into a shaft and drop 1 floor!
   728 | D:2      | Reached XP level 3. HP: 16/16 MP: 6/9
  1119 | D:1      | Found a faded altar of an unknown god.
  1266 | D:2      | Learned a level 3 spell: Mephitic Cloud
  1434 | D:2      | Reached XP level 4. HP: 21/21 MP: 6/11
  1451 | D:2      | Learned a level 4 spell: Olgreb's Toxic Radiance
  1676 | D:2      | Reached skill level 1 in Air Magic
  1909 | D:2      | Found a shadowy altar of Dithmenos.
  2581 | D:3      | Reached XP level 5. HP: 24/24 MP: 12/12
  2756 | D:3      | Reached skill level 5 in Poison Magic
  3911 | D:5      | Entered Level 5 of the Dungeon
  3928 | D:5      | Found an iron altar of Okawaru.
  4162 | D:5      | Reached XP level 6. HP: 10/28 MP: 13/13
  5339 | D:5      | Found a staircase to the Ecumenical Temple.
  5478 | Temple   | Entered the Ecumenical Temple
  5486 | Temple   | Became a worshipper of Vehumet
  5649 | D:6      | Reached XP level 7. HP: 25/32 MP: 14/14
  5822 | D:6      | Found an opulent altar of Gozag.
  6077 | D:6      | Reached XP level 8. HP: 37/37 MP: 15/15
  6096 | D:6      | Reached skill level 1 in Fighting
  6177 | D:6      | Noticed Edmund
  6218 | D:6      | Killed Edmund
  6513 | D:7      | Reached * piety under Vehumet
  6513 | D:7      | Offered knowledge of Sandblast by Vehumet.
  6722 | D:7      | Reached skill level 5 in Fighting
  7342 | D:7      | Reached XP level 9. HP: 26/48 MP: 16/16
  7648 | D:8      | Found an ancient bone altar of Kikubaaqudgha.
  7755 | D:8      | Noticed a komodo dragon
  7759 | D:8      | Reached skill level 3 in Dodging
  7767 | D:8      | Killed a komodo dragon
  7768 | D:8      | Reached skill level 5 in Dodging
  7844 | D:8      | Offered knowledge of Searing Ray by Vehumet.
  7847 | D:8      | Reached skill level 6 in Dodging
  7884 | D:8      | Reached ** piety under Vehumet
  8413 | D:8      | Reached skill level 7 in Dodging
  8786 | D:9      | Reached skill level 8 in Dodging
  8938 | D:9      | Reached skill level 9 in Dodging
  8951 | D:9      | Reached skill level 10 in Dodging
  9098 | D:9      | Found a staircase to the Orcish Mines.
  9098 | D:9      | Noticed a troll
  9128 | D:9      | Reached XP level 10. HP: 53/53 MP: 17/17
  9136 | D:9      | Reached skill level 11 in Dodging
  9206 | D:9      | Reached skill level 12 in Dodging
  9380 | D:9      | Found a sacrificial altar of Ru.
  9468 | D:9      | Offered knowledge of Hailstorm by Vehumet.
  9846 | D:9      | Reached skill level 13 in Dodging
 10177 | D:10     | Entered Level 10 of the Dungeon
 10185 | D:10     | Reached *** piety under Vehumet
 10191 | D:10     | Reached skill level 14 in Dodging
 10428 | D:10     | Reached skill level 15 in Dodging
 10574 | D:10     | Noticed a gargoyle
 10574 | D:10     | Noticed a two-headed ogre
 10636 | D:10     | Identified the +4 hand axe "Nevud" {elec, rF+}
 10802 | D:10     | Offered knowledge of Iskenderun's Mystic Blast by Vehumet.
 10812 | D:10     | Learned a level 4 spell: Iskenderun's Mystic Blast
 11122 | D:11     | Reached skill level 1 in Translocations
 11123 | D:11     | Reached XP level 11. HP: 56/56 MP: 18/18
 11182 | D:11     | Reached skill level 1 in Conjurations
 11215 | D:11     | Found a staircase to the Lair.
 11304 | D:11     | Noticed a boulder beetle
 11321 | D:11     | Killed a boulder beetle
 11372 | D:11     | Reached skill level 5 in Translocations
 11469 | D:11     | Noticed a two-headed ogre
 11516 | D:11     | Killed a two-headed ogre
 11563 | D:11     | Reached **** piety under Vehumet
 11645 | D:11     | Found Wuweymni's Overcharged Wands.
 11651 | D:11     | Found a gate leading to a gauntlet.
 11660 | Gauntlet | Entered a Gauntlet
 11660 | Gauntlet | Found a large runed translucent door.
 11660 | Gauntlet | Found a large runed translucent door.
 11660 | Gauntlet | Found a large runed translucent door.
 11660 | Gauntlet | Found a large runed translucent door.
 11660 | Gauntlet | Found a large runed translucent door.
 11660 | Gauntlet | Found a large runed translucent door.
 11660 | Gauntlet | Found a runed translucent door.
 11660 | Gauntlet | Found a transporter.
 11660 | Gauntlet | Found a runed translucent door.
 11660 | Gauntlet | Found a large runed translucent door.
 11660 | Gauntlet | Found a large runed translucent door.
 11660 | Gauntlet | Found a large runed translucent door.
 11660 | Gauntlet | Found a large runed translucent door.
 11660 | Gauntlet | Found a large runed translucent door.
 11660 | Gauntlet | Found a large runed translucent door.
 11751 | Gauntlet | Found a large runed translucent door.
 11751 | Gauntlet | Found a large runed translucent door.
 11751 | Gauntlet | Found a large runed translucent door.
 11751 | Gauntlet | Found a large runed translucent door.
 11753 | Gauntlet | Found a runed translucent door.
 11755 | Gauntlet | Found a runed translucent gate.
 11755 | Gauntlet | Found a runed translucent gate.
 11755 | Gauntlet | Found a transporter.
 11755 | Gauntlet | Found a runed translucent gate.
 11755 | Gauntlet | Noticed a glowing orange brain
 11756 | Gauntlet | Found a transporter.
 11756 | Gauntlet | Noticed a death yak
 11757 | Gauntlet | Found a transporter.
 11757 | Gauntlet | Noticed a death yak
 11757 | Gauntlet | Noticed a death yak
 11758 | Gauntlet | Noticed a death yak
 11759 | Gauntlet | Noticed a death yak
 11760 | Gauntlet | Found a transporter.
 11761 | Gauntlet | Found a transporter.
 11762 | Gauntlet | Noticed a death yak
 11763 | Gauntlet | Noticed a sixfirhy
 11765 | Gauntlet | Noticed a necromancer
 11768 | Gauntlet | Noticed a ghost crab
 11768 | Gauntlet | Noticed a sixfirhy
 11771 | Gauntlet | Found a transporter.
 11779 | Gauntlet | Noticed a sixfirhy
 11788 | Gauntlet | Noticed a wretched star
 11789 | Gauntlet | Found a transporter.
 11806 | Gauntlet | Found a transporter.
 11810 | Gauntlet | Found a transporter.
 11811 | Gauntlet | Found a runed translucent door.
 11824 | Gauntlet | Found a transporter.
 11861 | Gauntlet | Noticed a red ugly thing
 11862 | Gauntlet | Found a runed translucent door.
 11888 | Gauntlet | Found a transporter.
 11984 | Gauntlet | Killed a necromancer
 11994 | Gauntlet | Identified the ring "Dagoneih" {Contam Drain rPois Will+
                  | Int+7}
 12027 | Gauntlet | Killed a death yak
 12034 | Gauntlet | Killed a death yak
 12036 | Gauntlet | Killed a death yak
 12041 | Gauntlet | Killed a death yak
 12041 | Gauntlet | Offered knowledge of Volatile Blastmotes by Vehumet.
 12044 | Gauntlet | Killed a death yak
 12045 | Gauntlet | Reached skill level 5 in Conjurations
 12083 | Gauntlet | Killed a death yak
 12215 | Gauntlet | Identified the +1 shortbow "Ivanoop" {drain, Int+2 Stlth+}
 12215 | Gauntlet | Noticed a minotaur
 12246 | Gauntlet | Killed a minotaur
 12247 | Gauntlet | Reached skill level 10 in Translocations
 12247 | Gauntlet | Reached XP level 12. HP: 60/61 MP: 11/19
 12476 | D:11     | Noticed an eight-headed hydra
 12734 | D:10     | Learned a level 2 spell: Blink
 12737 | D:10     | Learned a level 2 spell: Momentum Strike
 13229 | D:10     | Reached skill level 5 in Spellcasting
 13861 | D:10     | Paralysed by a floating eye for 4 turns
 13875 | D:10     | Killed a two-headed ogre
 14046 | D:11     | Killed an eight-headed hydra
 14293 | D:11     | Upgraded the game from 0.31-a0-819-gf6de2f5ab6 to
                  | 0.31-a0-833-gc15d34cb79
 14585 | D:12     | Noticed a boulder beetle
 14603 | D:12     | Killed a boulder beetle
 14834 | D:12     | Noticed a boulder beetle
 14847 | D:12     | Killed a boulder beetle
 15021 | D:12     | Reached ***** piety under Vehumet
 15599 | D:$      | Got out of the dungeon alive.

Illustrated notes

Levels and vault maps discovered:
D:1:      ncdulo_watergridlock, layout_basic, basic_ecumenical_altar,
          serial_bayou_ford_a, wander_ebering_terrifying_dragon_lair
D:2:      layout_basic, basic_altar
D:3:      layout_loops_cross
D:4:      layout_basic
D:5:      corexii_shantytown, layout_loops_ring, okawaru_gym_becter,
          lemuel_temple_firewalk_b, minmay_misc_feat_encased
D:6:      layout_gridville, kennysheep_mini_moat, makhleb_blood_cavern_becter,
          uniq_edmund
D:7:      layout_basic
D:8:      layout_gridville, nicolae_overflow_crystal_walls
D:9:      layout_irregular_city, overflow_temple_1_default,
          kennysheep_orc_monster_closet_entryway, nrook_mini_vaults
D:10:     layout_basic, onia_ninara_cookie
D:11:     layout_basic, erik_lair_island, gauntlet_entry_generic,
          nicolae_shop_overcharged_wands
D:12:     layout_basic
Temple:   nicolae_temple_bog_church

Skill      XL: |  1  2  3  4  5  6  7  8  9 10 11 12 |
---------------+-------------------------------------+-----
Spellcasting   | 3 4 8 |  8.4
Poison Magic   | 4 5 7 9 |  9.0
Air Magic      | 1 2 |  2.0
Fighting       | 6 8 |  8.2
Dodging        | 10 15 | 15.5
Translocations | 1 10 | 10.7
Conjurations   | 5 |  5.6
Stealth        | |  3.0
Transmutations | |  1.3

Action                     |  1- 3 |  4- 6 |  7- 9 | 10-12 || total
---------------------------+-------+-------+-------+-------++-------
  Melee: Unarmed           |     4 |     1 |       |       ||     5
   Fire: Sling             |       |       |    16 |       ||    16
         Orcbow            |       |       |    43 |   120 ||   163
   Cast: Sting             |    85 |   204 |    79 |   112 ||   480
         Poisonous Vapours |       |    24 |     8 |    14 ||    46
         Olgreb's Toxic Ra |       |       |    24 |    76 ||   100
         Iskenderun's Myst |       |       |       |    73 ||    73
         Mephitic Cloud    |       |       |       |    13 ||    13
         Momentum Strike   |       |       |       |     1 ||     1
  Evoke: Wand              |       |       |       |     4 ||     4
    Use: Scroll            |       |     2 |     9 |     9 ||    20
         Potion            |       |     1 |     1 |     3 ||     5
 Armour: Robe              |    13 |    32 |    32 |     5 ||    82
         Troll leather arm |       |       |       |    48 ||    48
  Dodge: Dodged            |    37 |    74 |    64 |   148 ||   323

Table legend: (Time is in decaauts)
 A = Elapsed time spent in this place.
 B = Non-inter-level travel time spent in this place.
 C = Inter-level travel time spent in this place.
 D = Time resting spent in this place.
 E = Time spent auto-exploring this place.
 F = Levels seen in this place.
 G = Mean time per level.
                   A        B        C        D        E       F      G
               +--------+--------+--------+--------+--------+-----+--------+
         Total |  11972 |  11555 |    417 |   2170 |   5964 |  14 |  855.1 |
       Dungeon |  11413 |  10996 |    417 |   2050 |   5848 |  12 |  951.1 |
        Temple |     11 |     11 |      0 |      0 |      0 |   1 |   11.0 |
      Gauntlet |    547 |    547 |      0 |    120 |    115 |   1 |  547.0 |
               +--------+--------+--------+--------+--------+-----+--------+

Top non-repeatable levels by time:
    D:10: 1603 daAuts
     D:9: 1451 daAuts
     D:5: 1266 daAuts
     D:7: 969 daAuts
     D:1: 884 daAuts
    D:11: 861 daAuts
     D:3: 808 daAuts
     D:2: 798 daAuts
    D:12: 789 daAuts
     D:8: 702 daAuts
     D:6: 661 daAuts
     D:4: 616 daAuts
Gauntlet: 547 daAuts
  Temple: 11 daAuts
